Pick #1

Connor Bedard
Pick #2

Leo Carlsson
Pick #3

Adam Fantilli
Pick #4

Matvei Michkov
Pick #5

David Reinbacher
Pick #6

William Smith
Pick #7

Zachary Benson
Pick #8

Ryan Leonard
Pick #9

Gabriel Perreault
Pick #10

Axel Sandin-Pellika
Pick #11

Daniil But
Pick #12

Dalibor Dvorsky
Pick #13

Quentin Musty
Pick #14

Brayden Yager
Pick #15

Dmitry Simashev
Pick #16

Colby Barlow
Pick #17

Andrew Cristall
Pick #18

Easton Cowan
Pick #19

Jacob Fowler
Pick #20

Oliver Moore
Pick #21

Oliver Bonk
Pick #22

Tom Willander
Pick #23

Calum Ritchie
Pick #24

Tanner Molendyk
Pick #25

Gavin Brindley
Pick #26

Nate Danielson
Pick #27

Pick #28

Pick #29

Pick #30

Pick #31

Pick #32

Pick #33

Pick #34

Pick #35

Pick #36

Pick #37

Pick #38

Pick #39

Pick #40

Pick #41

Pick #42

Pick #43

Pick #44

Pick #45

Pick #46

Pick #47

Pick #48

Pick #49

Pick #50

Pick #51

Pick #52

Pick #53

Pick #54

Pick #55

Pick #56

Pick #57

Pick #58

Pick #59

Pick #60

Pick #61

Pick #62

Pick #63

Pick #64

Pick #65

Pick #66

Pick #67

Pick #68

Pick #69

Pick #70

Pick #71

Pick #72

Pick #73

Pick #74

Pick #75

Pick #76

Pick #77

Pick #78

Pick #79

Pick #80

Pick #81

Pick #82

Pick #83

Pick #84

Pick #85

Pick #86

Pick #87

Pick #88

Pick #89

Pick #90

Pick #91

Pick #92

Pick #93

Pick #94

Pick #95

Pick #96

Pick #97

Pick #98

Pick #99

Pick #100

Pick #101

Pick #102

Pick #103

Pick #104

Pick #105

Pick #106

Pick #107

Pick #108

Pick #109

Pick #110

Pick #111

Pick #112

Pick #113

Pick #114

Pick #115

Pick #116

Pick #117

Pick #118

Pick #119

Pick #120

Pick #121

Pick #122

Pick #123

Pick #124

Pick #125

Pick #126

Pick #127

Pick #128

Pick #129

Pick #130

Full Scoreboard »»

Predators vs Penguins

Created - January 13, 2024 at 23:47

Goals
1 2 3 T
Predators 2 0 1 3
Penguins 1 0 1 2
Shots
1 2 3 T
Predators 15 7 7 29
Penguins 4 11 10 25

GoalsPenalties
1st period
1. Penguins , Kevin Fiala 12 (Nick Suzuki 19, Devon Toews 14) at 2:24
2. Predators , Brandon Carlo 4 (Tage Thompson 14, Kyle Connor 18) at 7:49
3. Predators , Lucas Raymond 12 (Bo Horvat 19, Alex Tuch 17) at 16:08
Justin Faulk (PIT) for Goalie Interference (Minor) at 12:44
2nd period
No Goal
Oskar Lindblom (PIT) for Roughing (Minor) at 2:48
Yakov Trenin (NSH) for Hooking (Minor) at 2:48
Brandon Carlo (NSH) for Hooking (Minor) at 17:03
3rd period
4. Penguins , Kevin Fiala 13 (Cole Caufield 14, Justin Faulk 11) at 8:10
5. Predators , Jani Hakanpaa 1 (Cal Clutterbuck 3, Alex Tuch 18) at 13:55 (SH)
Bo Horvat (NSH) for Roughing (Minor) at 13:23
Goalie Stats
Ilya Sorokin (NSH), 23 saves from 25 shots - (0.920), W, 24-6-3, 60:00 minutes
Calvin Petersen (PIT), 26 saves from 29 shots - (0.897), L, 4-7-1, 59:01 minutes
3 StarsOfficial
1 - Kevin Fiala (PIT)
2 - Alex Tuch (NSH)
3 - Lucas Raymond (NSH)
Referees : Dean Morton and Eric Furlatt
Linesman : Brent Colby and Travis Gawryletz
Game Note
No Game Note
Finance
Level 1 -- Attendance: 6189 (95.22%) -- Ticket Income $742,680
Level 2 -- Attendance: 5000 (100.00%) -- Ticket Income $425,000
Level 3 -- Attendance: 3447 (98.49%) -- Ticket Income $224,055
Level 4 -- Attendance: 2387 (100.00%) -- Ticket Income $107,415
Luxury Box -- Attendance: 913 (91.30%) -- Ticket Income $205,425
Game was played at the Consol Energy Center.
Total Attendance: 17936 (97.55%)
Total Ticket Income: $1,704,575
Other Income: $426,144
Total Income: $2,130,719



Team Name Goals Shots Shots Attemp Shots Blocked PIM HIT PP PK FO%
Predators 3296796220 / 1 (0%)056%
Penguins 22563124180 / 2 (0%)044%

Predators
Player Name POS G A P +/- PIM HIT SHT SB MP PP MP PP SHT PK MP PK SHT FO% FOT
Alex TuchRW0222014019:430:3800:41050% 4
Bo HorvatC0111216019:250:4700:00075% 20
Brandon CarloD1012201021:081:1300:5500% 0
Cal ClutterbuckRW011100107:260:0000:4100% 0
Colton SissonsC000001106:090:0000:0000% 0
Darnell NurseD000-1060221:140:3900:0000% 0
Gabriel VilardiRW0000011016:280:3400:0000% 0
J.T. CompherLW000-1012017:111:1202:38157% 7
Jake McCabeD0000010216:530:0002:2600% 0
Jani HakanpaaD1010012017:030:1202:2410% 0
Jesperi KotkaniemiC000000006:090:0000:00060% 5
Kyle ConnorLW0110012020:510:4702:45025% 4
Lucas RaymondLW1011014018:010:4700:000100% 1
Nikita ZadorovD0002000222:011:0802:1100% 0
Tage ThompsonC0110000015:540:0000:00055% 22
Taylor HallLW000-1003014:021:1200:3900% 2
Thomas ChabotD000-1032321:400:4600:0000% 0
Yakov TreninC000-1240012:420:0000:32038% 8
Penguins
Player Name POS G A P +/- PIM HIT SHT SB MP PP MP PP SHT PK MP PK SHT FO% FOT
Cole CaufieldRW0111023019:541:3300:0000% 0
Devon ToewsD0112012423:311:4401:0400% 0
Henri JokiharjuD000-2020016:010:0000:4200% 0
Jeff PetryD000-1021220:412:1410:2600% 0
Josh AndersonRW000-2052020:232:2500:42150% 4
Julien GauthierRW000000001:060:0000:5100% 0
Justin FaulkD0112222022:261:4410:0000% 0
Kevin FialaLW2021023022:511:3301:1300% 1
Logan O'ConnorRW0000012011:000:0000:040100% 1
Mathew DumbaD000-1010320:192:1400:0400% 0
Matt RoyD000-2000116:100:0000:5100% 0
Nick SuzukiC0111007122:421:3311:04056% 27
Oskar LindblomLW0000200016:410:0000:0000% 1
Phil KesselRW000-2000019:262:2500:00050% 2
Rem PitlickC000000216:520:0000:51020% 5
Rudolfs BalcersLW000000005:310:0000:0000% 1
Ryan PoehlingC0000000011:000:0000:04050% 10
Seth JarvisC000-2001019:262:2500:00033% 21



Play-by-Play

1st period


0:01 of 1st period - Nick Suzuki wins face-off versus Bo Horvat in neutral zone.
0:22 of 1st period - Shot by Bo Horvat.
0:22 of 1st period - Stopped by Calvin Petersen with a rebound.
0:35 of 1st period - Shot by Nick Suzuki.
0:35 of 1st period - Stopped by Ilya Sorokin without a rebound.
0:36 of 1st period - Seth Jarvis wins face-off versus Tage Thompson in Predators zone.
0:39 of 1st period - Shot by Seth Jarvis.
0:39 of 1st period - Deflect By Josh Anderson.
0:39 of 1st period - Stopped by Ilya Sorokin with a rebound.
1:08 of 1st period - Phil Kessel is hit by Darnell Nurse and loses puck.
1:44 of 1st period - Logan O'Connor is hit by Jani Hakanpaa and loses puck.
2:24 of 1st period - Shot by Kevin Fiala.
2:24 of 1st period - Goal by Kevin Fiala - Predators : 0 - Penguins : 1.
2:25 of 1st period - Bo Horvat wins face-off versus Nick Suzuki in neutral zone.
2:34 of 1st period - Shot by Lucas Raymond.
2:34 of 1st period - Stopped by Calvin Petersen without a rebound.
2:35 of 1st period - Jesperi Kotkaniemi wins face-off versus Seth Jarvis in Penguins zone.
2:35 of 1st period - Jesperi Kotkaniemi is hit by Justin Faulk.
2:47 of 1st period - Shot by Brandon Carlo.
2:47 of 1st period - Shot Blocked by Devon Toews.
2:49 of 1st period - Shot by Colton Sissons.
2:49 of 1st period - Deflect By Jesperi Kotkaniemi.
2:49 of 1st period - Shot Misses the Net.
3:17 of 1st period - Josh Anderson is hit by Colton Sissons and loses puck.
3:25 of 1st period - Icing by Justin Faulk.
3:26 of 1st period - Bo Horvat wins face-off versus Josh Anderson in Penguins zone.
3:31 of 1st period - Shot by Alex Tuch.
3:31 of 1st period - Shot Misses the Net.
3:35 of 1st period - Shot by Bo Horvat.
3:35 of 1st period - Deflect By Lucas Raymond.
3:35 of 1st period - Stopped by Calvin Petersen without a rebound.
3:36 of 1st period - Tage Thompson wins face-off versus Rem Pitlick in Penguins zone.
3:48 of 1st period - Gabriel Vilardi is hit by Jeff Petry.
3:56 of 1st period - Shot by Kyle Connor.
3:56 of 1st period - Shot Blocked by Jeff Petry.
3:58 of 1st period - Shot by Darnell Nurse.
3:58 of 1st period - Shot Blocked by Mathew Dumba.
4:00 of 1st period - Shot by Thomas Chabot.
4:00 of 1st period - Stopped by Calvin Petersen without a rebound.
4:01 of 1st period - Bo Horvat wins face-off versus Nick Suzuki in Penguins zone.
4:22 of 1st period - Shot by Bo Horvat.
4:22 of 1st period - Deflect By Alex Tuch.
4:22 of 1st period - Shot Misses the Net.
4:42 of 1st period - Shot by Bo Horvat.
4:42 of 1st period - Shot Misses the Net.
5:08 of 1st period - Shot by Taylor Hall.
5:08 of 1st period - Stopped by Calvin Petersen without a rebound.
5:09 of 1st period - Tage Thompson wins face-off versus Rem Pitlick in Penguins zone.
5:38 of 1st period - Shot by Gabriel Vilardi.
5:38 of 1st period - Shot Blocked by Mathew Dumba.
6:24 of 1st period - Shot by Taylor Hall.
6:24 of 1st period - Stopped by Calvin Petersen with a rebound.
6:26 of 1st period - Shot by Taylor Hall.
6:26 of 1st period - Shot Blocked by Rem Pitlick.
6:38 of 1st period - Shot by Taylor Hall.
6:38 of 1st period - Shot Blocked by Jeff Petry.
6:40 of 1st period - Shot by Thomas Chabot.
6:40 of 1st period - Stopped by Calvin Petersen without a rebound.
6:41 of 1st period - Bo Horvat wins face-off versus Seth Jarvis in Penguins zone.
6:44 of 1st period - Shot by Alex Tuch.
6:44 of 1st period - Shot Misses the Net.
6:46 of 1st period - Shot by Lucas Raymond.
6:46 of 1st period - Shot Blocked by Devon Toews.
7:08 of 1st period - Shot by Alex Tuch.
7:08 of 1st period - Shot Misses the Net.
7:10 of 1st period - Shot by Alex Tuch.
7:10 of 1st period - Deflect By Bo Horvat.
7:10 of 1st period - Shot Blocked by Devon Toews.
7:17 of 1st period - Shot by Jani Hakanpaa.
7:17 of 1st period - Stopped by Calvin Petersen with a rebound.
7:19 of 1st period - Shot by Alex Tuch.
7:19 of 1st period - Stopped by Calvin Petersen without a rebound.
7:20 of 1st period - Tage Thompson wins face-off versus Nick Suzuki in Penguins zone.
7:42 of 1st period - Tage Thompson is hit by Henri Jokiharju and loses puck.
7:47 of 1st period - Shot by Tage Thompson.
7:47 of 1st period - Shot Misses the Net.
7:49 of 1st period - Shot by Brandon Carlo.
7:49 of 1st period - Goal by Brandon Carlo - Predators : 1 - Penguins : 1.
7:50 of 1st period - Josh Anderson wins face-off versus Taylor Hall in neutral zone.
7:53 of 1st period - Taylor Hall is hit by Josh Anderson and loses puck.
8:05 of 1st period - Icing by Devon Toews.
8:06 of 1st period - Seth Jarvis wins face-off versus Alex Tuch in Penguins zone.
9:32 of 1st period - Shot by Kyle Connor.
9:32 of 1st period - Shot Misses the Net.
9:40 of 1st period - Shot by Tage Thompson.
9:40 of 1st period - Shot Misses the Net.
9:42 of 1st period - Shot by Tage Thompson.
9:42 of 1st period - Shot Misses the Net.
11:04 of 1st period - Jesperi Kotkaniemi is hit by Logan O'Connor and loses puck.
11:17 of 1st period - Shot by Colton Sissons.
11:17 of 1st period - Stopped by Calvin Petersen with a rebound.
11:19 of 1st period - Shot by Cal Clutterbuck.
11:19 of 1st period - Stopped by Calvin Petersen without a rebound.
11:20 of 1st period - Nick Suzuki wins face-off versus Bo Horvat in Penguins zone.
11:20 of 1st period - Nick Suzuki is hit by Bo Horvat.
11:26 of 1st period - Shot by Nick Suzuki.
11:26 of 1st period - Shot Misses the Net.
11:31 of 1st period - Nick Suzuki is hit by Thomas Chabot and loses puck.
11:36 of 1st period - Shot by Kevin Fiala.
11:36 of 1st period - Deflect By Cole Caufield.
11:36 of 1st period - Shot Misses the Net.
11:55 of 1st period - Nick Suzuki is hit by Darnell Nurse and loses puck.
12:03 of 1st period - Cole Caufield is hit by Darnell Nurse and loses puck.
12:28 of 1st period - Shot by Seth Jarvis.
12:28 of 1st period - Shot Misses the Net.
12:40 of 1st period - Kyle Connor is hit by Josh Anderson and loses puck.
12:44 of 1st period - Minor Penalty to Justin Faulk for Goalie Interference.
12:45 of 1st period - J.T. Compher wins face-off versus Josh Anderson in Penguins zone.
12:50 of 1st period - Shot by Alex Tuch.
12:50 of 1st period - Shot Misses the Net.
13:34 of 1st period - Kevin Fiala is hit by Lucas Raymond and loses puck.
14:27 of 1st period - Shot by Taylor Hall.
14:27 of 1st period - Shot Misses the Net.
14:39 of 1st period - Shot by Josh Anderson.
14:39 of 1st period - Stopped by Ilya Sorokin without a rebound.
14:40 of 1st period - Ryan Poehling wins face-off versus J.T. Compher in Predators zone.
14:53 of 1st period - Icing by Josh Anderson.
14:54 of 1st period - Josh Anderson wins face-off versus Jesperi Kotkaniemi in Penguins zone.
14:56 of 1st period - Icing by Phil Kessel.
14:57 of 1st period - Tage Thompson wins face-off versus Seth Jarvis in Penguins zone.
15:42 of 1st period - Icing by Henri Jokiharju.
15:43 of 1st period - Bo Horvat wins face-off versus Seth Jarvis in Penguins zone.
16:08 of 1st period - Shot by Lucas Raymond.
16:08 of 1st period - Goal by Lucas Raymond - Predators : 2 - Penguins : 1.
16:09 of 1st period - Yakov Trenin wins face-off versus Nick Suzuki in neutral zone.
16:14 of 1st period - Icing by Devon Toews.
16:15 of 1st period - Nick Suzuki wins face-off versus Taylor Hall in Penguins zone.
16:15 of 1st period - Devon Toews is hit by J.T. Compher and loses puck.
16:34 of 1st period - Shot by Taylor Hall.
16:34 of 1st period - Stopped by Calvin Petersen without a rebound.
16:35 of 1st period - Bo Horvat wins face-off versus Oskar Lindblom in Penguins zone.
18:49 of 1st period - Seth Jarvis is hit by Darnell Nurse and loses puck.
18:52 of 1st period - Shot by Josh Anderson.
18:52 of 1st period - Shot Misses the Net.
19:20 of 1st period - Ryan Poehling is hit by Yakov Trenin.
19:52 of 1st period - Shot by Gabriel Vilardi.
19:52 of 1st period - Stopped by Calvin Petersen with a rebound.
Goals for this period are 2 for Predators vs 1 for Penguins.
Shots for this period are 15 for Predators vs 4 for Penguins.

2nd period


0:01 of 2nd period - Tage Thompson wins face-off versus Nick Suzuki in neutral zone.
0:23 of 2nd period - Off-side.
0:24 of 2nd period - Bo Horvat wins face-off versus Seth Jarvis in neutral zone.
0:31 of 2nd period - Shot by Lucas Raymond.
0:31 of 2nd period - Stopped by Calvin Petersen with a rebound.
0:33 of 2nd period - Shot by Bo Horvat.
0:33 of 2nd period - Stopped by Calvin Petersen without a rebound.
0:34 of 2nd period - Nick Suzuki wins face-off versus Tage Thompson in Penguins zone.
0:43 of 2nd period - Icing by Darnell Nurse.
0:44 of 2nd period - Nick Suzuki wins face-off versus Tage Thompson in Predators zone.
0:44 of 2nd period - Cole Caufield is hit by Darnell Nurse.
0:53 of 2nd period - Icing by Thomas Chabot.
0:54 of 2nd period - Tage Thompson wins face-off versus Nick Suzuki in Predators zone.
0:56 of 2nd period - Icing by Darnell Nurse.
0:57 of 2nd period - Nick Suzuki wins face-off versus Tage Thompson in Predators zone.
1:16 of 2nd period - Shot by Kyle Connor.
1:16 of 2nd period - Stopped by Calvin Petersen without a rebound.
1:17 of 2nd period - Lucas Raymond wins face-off versus Phil Kessel in Penguins zone.
1:25 of 2nd period - Alex Tuch is hit by Henri Jokiharju and loses puck.
1:31 of 2nd period - Off-side.
1:32 of 2nd period - Nick Suzuki wins face-off versus Tage Thompson in neutral zone.
2:17 of 2nd period - Shot by Kevin Fiala.
2:17 of 2nd period - Stopped by Ilya Sorokin without a rebound.
2:18 of 2nd period - Ryan Poehling wins face-off versus J.T. Compher in Predators zone.
2:35 of 2nd period - Shot by Yakov Trenin.
2:35 of 2nd period - Shot Misses the Net.
2:48 of 2nd period - Minor Penalty to Oskar Lindblom for Roughing.
2:48 of 2nd period - Minor Penalty to Yakov Trenin for Hooking.
2:49 of 2nd period - Nick Suzuki wins face-off versus J.T. Compher in neutral zone.
3:02 of 2nd period - Shot by Nick Suzuki.
3:02 of 2nd period - Stopped by Ilya Sorokin with a rebound.
3:08 of 2nd period - Shot by Nick Suzuki.
3:08 of 2nd period - Stopped by Ilya Sorokin without a rebound.
3:09 of 2nd period - J.T. Compher wins face-off versus Nick Suzuki in Predators zone.
3:09 of 2nd period - J.T. Compher is hit by Kevin Fiala.
3:28 of 2nd period - Icing by Nikita Zadorov.
3:29 of 2nd period - J.T. Compher wins face-off versus Kevin Fiala in Predators zone.
3:52 of 2nd period - Shot by J.T. Compher.
3:52 of 2nd period - Shot Blocked by Nick Suzuki.
3:54 of 2nd period - Shot by Alex Tuch.
3:54 of 2nd period - Stopped by Calvin Petersen with a rebound.
4:32 of 2nd period - Icing by Kyle Connor.
4:33 of 2nd period - Rem Pitlick wins face-off versus Bo Horvat in Predators zone.
4:45 of 2nd period - Rem Pitlick is hit by Thomas Chabot.
4:51 of 2nd period - Shot by Logan O'Connor.
4:51 of 2nd period - Shot Misses the Net.
4:53 of 2nd period - Shot by Logan O'Connor.
4:53 of 2nd period - Stopped by Ilya Sorokin without a rebound.
4:54 of 2nd period - Jesperi Kotkaniemi wins face-off versus Ryan Poehling in Predators zone.
5:06 of 2nd period - Icing by Matt Roy.
5:07 of 2nd period - Ryan Poehling wins face-off versus Yakov Trenin in Penguins zone.
5:11 of 2nd period - Off-side.
5:12 of 2nd period - Bo Horvat wins face-off versus Seth Jarvis in neutral zone.
5:50 of 2nd period - Shot by Alex Tuch.
5:50 of 2nd period - Stopped by Calvin Petersen without a rebound.
5:51 of 2nd period - Tage Thompson wins face-off versus Rudolfs Balcers in Penguins zone.
6:23 of 2nd period - Shot by Devon Toews.
6:23 of 2nd period - Stopped by Ilya Sorokin with a rebound.
7:05 of 2nd period - Shot by Cole Caufield.
7:05 of 2nd period - Shot Blocked by Thomas Chabot.
7:07 of 2nd period - Shot by Nick Suzuki.
7:07 of 2nd period - Stopped by Ilya Sorokin without a rebound.
7:08 of 2nd period - Seth Jarvis wins face-off versus Bo Horvat in Predators zone.
7:35 of 2nd period - Shot by Bo Horvat.
7:35 of 2nd period - Shot Misses the Net.
8:17 of 2nd period - Shot by Cole Caufield.
8:17 of 2nd period - Deflect By Nick Suzuki.
8:17 of 2nd period - Shot Misses the Net.
8:28 of 2nd period - Yakov Trenin is hit by Cole Caufield and loses puck.
8:33 of 2nd period - Matt Roy is hit by Yakov Trenin and loses puck.
9:16 of 2nd period - Off-side.
9:17 of 2nd period - Tage Thompson wins face-off versus Ryan Poehling in neutral zone.
9:33 of 2nd period - Icing by Devon Toews.
9:34 of 2nd period - Ryan Poehling wins face-off versus Bo Horvat in Penguins zone.
9:40 of 2nd period - Off-side.
9:41 of 2nd period - Bo Horvat wins face-off versus Seth Jarvis in neutral zone.
10:02 of 2nd period - Shot by Lucas Raymond.
10:02 of 2nd period - Shot Blocked by Mathew Dumba.
10:04 of 2nd period - Shot by Bo Horvat.
10:04 of 2nd period - Shot Misses the Net.
10:17 of 2nd period - Shot by Bo Horvat.
10:17 of 2nd period - Stopped by Calvin Petersen without a rebound.
10:18 of 2nd period - Nick Suzuki wins face-off versus Tage Thompson in Penguins zone.
10:18 of 2nd period - Nick Suzuki is hit by Gabriel Vilardi.
12:19 of 2nd period - Shot by Seth Jarvis.
12:19 of 2nd period - Stopped by Ilya Sorokin without a rebound.
12:20 of 2nd period - Ryan Poehling wins face-off versus Jesperi Kotkaniemi in Predators zone.
12:46 of 2nd period - Off-side.
12:47 of 2nd period - Seth Jarvis wins face-off versus Yakov Trenin in neutral zone.
12:52 of 2nd period - Icing by Yakov Trenin.
12:53 of 2nd period - Seth Jarvis wins face-off versus Yakov Trenin in Predators zone.
13:12 of 2nd period - Shot by Yakov Trenin.
13:12 of 2nd period - Shot Misses the Net.
13:14 of 2nd period - Shot by Nikita Zadorov.
13:14 of 2nd period - Shot Hit the Post.
13:16 of 2nd period - Shot by Brandon Carlo.
13:16 of 2nd period - Shot Blocked by Matt Roy.
14:11 of 2nd period - Icing by Darnell Nurse.
14:12 of 2nd period - Bo Horvat wins face-off versus Ryan Poehling in Predators zone.
14:22 of 2nd period - Icing by Mathew Dumba.
14:23 of 2nd period - Logan O'Connor wins face-off versus Kyle Connor in Penguins zone.
14:23 of 2nd period - Logan O'Connor is hit by Kyle Connor.
15:02 of 2nd period - Jeff Petry is hit by Jake McCabe and loses puck.
15:41 of 2nd period - Shot by Justin Faulk.
15:41 of 2nd period - Shot Blocked by Darnell Nurse.
15:43 of 2nd period - Shot by Justin Faulk.
15:43 of 2nd period - Shot Misses the Net.
15:45 of 2nd period - Shot by Nick Suzuki.
15:45 of 2nd period - Shot Blocked by Darnell Nurse.
16:01 of 2nd period - Shot by Lucas Raymond.
16:01 of 2nd period - Shot Misses the Net.
16:49 of 2nd period - Off-side.
16:50 of 2nd period - Yakov Trenin wins face-off versus Rem Pitlick in neutral zone.
17:03 of 2nd period - Minor Penalty to Brandon Carlo for Hooking.
17:04 of 2nd period - Kyle Connor wins face-off versus Seth Jarvis in Predators zone.
17:04 of 2nd period - Kyle Connor is hit by Josh Anderson.
17:39 of 2nd period - Shot by Josh Anderson.
17:39 of 2nd period - Shot Misses the Net.
17:57 of 2nd period - Nikita Zadorov is hit by Cole Caufield and loses puck.
18:02 of 2nd period - Shot by Nick Suzuki.
18:02 of 2nd period - Shot Misses the Net.
18:04 of 2nd period - Shot by Justin Faulk.
18:04 of 2nd period - Shot Misses the Net.
18:06 of 2nd period - Shot by Devon Toews.
18:06 of 2nd period - Shot Blocked by Jake McCabe.
18:08 of 2nd period - Shot by Nick Suzuki.
18:08 of 2nd period - Shot Misses the Net.
18:10 of 2nd period - Shot by Nick Suzuki.
18:10 of 2nd period - Shot Misses the Net.
18:18 of 2nd period - Shot by Kevin Fiala.
18:18 of 2nd period - Shot Misses the Net.
18:20 of 2nd period - Shot by Devon Toews.
18:20 of 2nd period - Shot Blocked by Nikita Zadorov.
18:22 of 2nd period - Shot by Justin Faulk.
18:22 of 2nd period - Stopped by Ilya Sorokin with a rebound.
18:24 of 2nd period - Shot by Devon Toews.
18:24 of 2nd period - Shot Misses the Net.
18:26 of 2nd period - Shot by Kevin Fiala.
18:26 of 2nd period - Shot Misses the Net.
18:28 of 2nd period - Shot by Nick Suzuki.
18:28 of 2nd period - Stopped by Ilya Sorokin without a rebound.
18:29 of 2nd period - Phil Kessel wins face-off versus Alex Tuch in Predators zone.
18:41 of 2nd period - Icing by Mathew Dumba.
18:42 of 2nd period - J.T. Compher wins face-off versus Seth Jarvis in Penguins zone.
18:49 of 2nd period - Shot by J.T. Compher.
18:49 of 2nd period - Stopped by Calvin Petersen with a rebound.
18:53 of 2nd period - Shot by J.T. Compher.
18:53 of 2nd period - Shot Misses the Net.
19:19 of 2nd period - Shot by Logan O'Connor.
19:19 of 2nd period - Stopped by Ilya Sorokin without a rebound.
19:20 of 2nd period - Bo Horvat wins face-off versus Nick Suzuki in Predators zone.
19:20 of 2nd period - Bo Horvat is hit by Kevin Fiala.
19:41 of 2nd period - Shot by Kevin Fiala.
19:41 of 2nd period - Deflect By Nick Suzuki.
19:41 of 2nd period - Shot Blocked by Thomas Chabot.
19:43 of 2nd period - Shot by Devon Toews.
19:43 of 2nd period - Shot Misses the Net.
19:45 of 2nd period - Shot by Justin Faulk.
19:45 of 2nd period - Stopped by Ilya Sorokin with a rebound.
Goals for this period are 0 for Predators vs 0 for Penguins.
Shots for this period are 7 for Predators vs 11 for Penguins.

3rd period


0:01 of 3rd period - Nick Suzuki wins face-off versus Tage Thompson in neutral zone.
0:45 of 3rd period - Shot by Justin Faulk.
0:45 of 3rd period - Shot Misses the Net.
2:24 of 3rd period - Logan O'Connor is hit by Darnell Nurse and loses puck.
2:35 of 3rd period - Shot by Bo Horvat.
2:35 of 3rd period - Stopped by Calvin Petersen without a rebound.
2:36 of 3rd period - Jesperi Kotkaniemi wins face-off versus Nick Suzuki in Penguins zone.
2:36 of 3rd period - Colton Sissons is hit by Justin Faulk and loses puck.
3:22 of 3rd period - Shot by Cole Caufield.
3:22 of 3rd period - Shot Misses the Net.
4:38 of 3rd period - Shot by Rem Pitlick.
4:38 of 3rd period - Stopped by Ilya Sorokin with a rebound.
4:40 of 3rd period - Shot by Oskar Lindblom.
4:40 of 3rd period - Shot Misses the Net.
5:17 of 3rd period - Icing by Devon Toews.
5:18 of 3rd period - Nick Suzuki wins face-off versus Tage Thompson in Penguins zone.
5:23 of 3rd period - Shot by Cole Caufield.
5:23 of 3rd period - Shot Misses the Net.
5:39 of 3rd period - Shot by Cole Caufield.
5:39 of 3rd period - Stopped by Ilya Sorokin with a rebound.
5:51 of 3rd period - Shot by Gabriel Vilardi.
5:51 of 3rd period - Shot Blocked by Devon Toews.
5:55 of 3rd period - Shot by Tage Thompson.
5:55 of 3rd period - Shot Misses the Net.
5:57 of 3rd period - Shot by Tage Thompson.
5:57 of 3rd period - Shot Misses the Net.
6:01 of 3rd period - Shot by Kyle Connor.
6:01 of 3rd period - Stopped by Calvin Petersen without a rebound.
6:02 of 3rd period - Alex Tuch wins face-off versus Seth Jarvis in Penguins zone.
6:02 of 3rd period - Bo Horvat is hit by Mathew Dumba.
6:34 of 3rd period - Shot by Bo Horvat.
6:34 of 3rd period - Stopped by Calvin Petersen without a rebound.
6:35 of 3rd period - Yakov Trenin wins face-off versus Ryan Poehling in Penguins zone.
6:47 of 3rd period - Icing by Matt Roy.
6:48 of 3rd period - Tage Thompson wins face-off versus Ryan Poehling in Penguins zone.
7:34 of 3rd period - Icing by Darnell Nurse.
7:35 of 3rd period - Nick Suzuki wins face-off versus Tage Thompson in Predators zone.
7:57 of 3rd period - Cole Caufield is hit by Thomas Chabot and loses puck.
8:02 of 3rd period - Shot by Nick Suzuki.
8:02 of 3rd period - Stopped by Ilya Sorokin with a rebound.
8:04 of 3rd period - Shot by Devon Toews.
8:04 of 3rd period - Shot Blocked by Thomas Chabot.
8:06 of 3rd period - Shot by Justin Faulk.
8:06 of 3rd period - Shot Misses the Net.
8:08 of 3rd period - Shot by Justin Faulk.
8:08 of 3rd period - Shot Misses the Net.
8:10 of 3rd period - Shot by Cole Caufield.
8:10 of 3rd period - Deflect By Kevin Fiala.
8:10 of 3rd period - Goal by Kevin Fiala - Predators : 2 - Penguins : 2.
8:11 of 3rd period - Bo Horvat wins face-off versus Seth Jarvis in neutral zone.
8:11 of 3rd period - Alex Tuch is hit by Josh Anderson and loses puck.
8:18 of 3rd period - Shot by Alex Tuch.
8:18 of 3rd period - Deflect By Bo Horvat.
8:18 of 3rd period - Stopped by Calvin Petersen without a rebound.
8:19 of 3rd period - Bo Horvat wins face-off versus Seth Jarvis in Penguins zone.
8:44 of 3rd period - Seth Jarvis is hit by Alex Tuch and loses puck.
8:55 of 3rd period - Shot by Seth Jarvis.
8:55 of 3rd period - Shot Misses the Net.
9:01 of 3rd period - Shot by Seth Jarvis.
9:01 of 3rd period - Shot Misses the Net.
9:09 of 3rd period - Bo Horvat is hit by Josh Anderson and loses puck.
9:48 of 3rd period - Shot by Kevin Fiala.
9:48 of 3rd period - Shot Blocked by Nikita Zadorov.
9:50 of 3rd period - Shot by Justin Faulk.
9:50 of 3rd period - Shot Misses the Net.
10:00 of 3rd period - Shot by Cole Caufield.
10:00 of 3rd period - Stopped by Ilya Sorokin without a rebound.
10:01 of 3rd period - Tage Thompson wins face-off versus Rem Pitlick in Predators zone.
10:24 of 3rd period - Shot by Rem Pitlick.
10:24 of 3rd period - Deflect By Oskar Lindblom.
10:24 of 3rd period - Shot Misses the Net.
10:38 of 3rd period - Shot by Rem Pitlick.
10:38 of 3rd period - Stopped by Ilya Sorokin without a rebound.
10:39 of 3rd period - Seth Jarvis wins face-off versus Yakov Trenin in Predators zone.
10:48 of 3rd period - Shot by Taylor Hall.
10:48 of 3rd period - Shot Misses the Net.
11:24 of 3rd period - Taylor Hall is hit by Jeff Petry and loses puck.
11:47 of 3rd period - Shot by Alex Tuch.
11:47 of 3rd period - Stopped by Calvin Petersen without a rebound.
11:48 of 3rd period - Nick Suzuki wins face-off versus Tage Thompson in Penguins zone.
11:50 of 3rd period - Icing by Cole Caufield.
11:51 of 3rd period - Bo Horvat wins face-off versus Nick Suzuki in Penguins zone.
11:51 of 3rd period - Bo Horvat is hit by Devon Toews.
12:04 of 3rd period - Shot by Cole Caufield.
12:04 of 3rd period - Stopped by Ilya Sorokin with a rebound.
12:13 of 3rd period - Icing by Kevin Fiala.
12:14 of 3rd period - Tage Thompson wins face-off versus Nick Suzuki in Penguins zone.
13:23 of 3rd period - Minor Penalty to Bo Horvat for Roughing.
13:24 of 3rd period - Seth Jarvis wins face-off versus Kyle Connor in Predators zone.
13:53 of 3rd period - Shot by Alex Tuch.
13:53 of 3rd period - Deflect By Cal Clutterbuck.
13:53 of 3rd period - Shot Misses the Net.
13:55 of 3rd period - Shot by Jani Hakanpaa.
13:55 of 3rd period - Goal by Jani Hakanpaa - Predators : 3 - Penguins : 2.
13:56 of 3rd period - Nick Suzuki wins face-off versus Yakov Trenin in neutral zone.
13:56 of 3rd period - Nick Suzuki is hit by Yakov Trenin.
14:06 of 3rd period - Icing by Cole Caufield.
14:07 of 3rd period - Nick Suzuki wins face-off versus Kyle Connor in Penguins zone.
14:23 of 3rd period - Shot by Justin Faulk.
14:23 of 3rd period - Shot Blocked by Jake McCabe.
15:09 of 3rd period - Shot by Josh Anderson.
15:09 of 3rd period - Shot Misses the Net.
15:11 of 3rd period - Shot by Jeff Petry.
15:11 of 3rd period - Stopped by Ilya Sorokin without a rebound.
15:12 of 3rd period - Alex Tuch wins face-off versus Seth Jarvis in Predators zone.
15:47 of 3rd period - Shot by Bo Horvat.
15:47 of 3rd period - Shot Misses the Net.
17:12 of 3rd period - Shot by J.T. Compher.
17:12 of 3rd period - Shot Misses the Net.
17:24 of 3rd period - Shot by J.T. Compher.
17:24 of 3rd period - Stopped by Calvin Petersen without a rebound.
17:25 of 3rd period - Tage Thompson wins face-off versus Seth Jarvis in Penguins zone.
17:50 of 3rd period - Shot by Tage Thompson.
17:50 of 3rd period - Shot Misses the Net.
18:32 of 3rd period - Mathew Dumba is hit by Yakov Trenin and loses puck.
19:01 of 3rd period - Penguins, Calvin Petersen is pulled from the net.
19:09 of 3rd period - Shot by Cole Caufield.
19:09 of 3rd period - Shot Misses the Net.
19:28 of 3rd period - Off-side.
19:29 of 3rd period - Bo Horvat wins face-off versus Nick Suzuki in neutral zone.
19:41 of 3rd period - Shot by Nick Suzuki.
19:41 of 3rd period - Stopped by Ilya Sorokin with a rebound.
19:43 of 3rd period - Shot by Justin Faulk.
19:43 of 3rd period - Shot Hit the Post.
19:45 of 3rd period - Shot by Devon Toews.
19:45 of 3rd period - Stopped by Ilya Sorokin with a rebound.
Goals for this period are 1 for Predators vs 1 for Penguins.
Shots for this period are 7 for Predators vs 10 for Penguins.